 Dungeon Crawl Stone Soup version 0.30-a0-40-gc6d0f036a7 (webtiles) character file.

Game seed: 4202569443932538444

0 ytrimaz the Insei (level 1, 0/13 HPs)
             Began as an Octopode Transmuter on Aug 29, 2022.
             Slain by a jackal (1 damage)
             ... on level 1 of the Dungeon.
             The game lasted 00:00:03 (11 turns).

ytrimaz the Insei (Octopode Transmuter)               Turns: 11, Time: 00:00:03

Health: 0/13       AC:  1    Str:  9    XL:     1   Next: 10%
Magic:  2/3        EV: 13    Int: 15    God:
Gold:   0          SH:  0    Dex: 12    Spells: 3/4 levels left

rFire   . . .      SeeInvis .      - Unarmed
rCold   . . .      Faith    .    (no shield)
rNeg    . . .      Spirit   .    (helmet currently unavailable)
rPois   .          Reflect  .    (no amulet)
rElec   .          Harm     .    (no ring)
rCorr   .          Rampage  .    (no ring)
Will    .....                    (no ring)
Stlth   ++........               (no ring)
HPRegen 0.04/turn                (no ring)
MPRegen 0.08/turn                (no ring)
                                 (no ring)
                                 (no ring)

@: appendages
A: tentacle spike 3, almost no armour, amphibious, 8 rings, camouflage 1,
gelatinous body 1, (nimble swimmer 1), tentacles
a: End Transformation


You were on level 1 of the Dungeon.
One of your tentacles had grown a beastly spike.
You visited 1 branch of the dungeon, and saw 1 of its levels.

Inventory:

Potions
 a - a potion of lignification


   Skills:
 - Level 1.0 Fighting
 - Level 2.0 Dodging
 + Level 3.0 Unarmed Combat
 - Level 2.0 Spellcasting
 - Level 2.0 Transmutations


You had 3 spell levels left.
You knew the following spells:

 Your Spells              Type           Power      Damage    Failure   Level
a - Beastly Appendage     Tmut           14%        N/A       10%         1

Your spell library contained the following spells:

 Spells                   Type           Power      Damage    Failure   Level
 Wereblood                Tmut           7%         N/A       14%         2
 Spider Form              Tmut/Pois      4%         N/A       41%         3
 Ice Form                 Ice/Tmut       4%         N/A       82%         4


Dungeon Overview and Level Annotations

Branches:
Dungeon (1/15)

Altars:


Innate Abilities, Weirdness & Mutations

One of your tentacles has grown a beastly spike.
You cannot wear most types of armour.
You are amphibious.
You can wear up to eight rings at the same time.
Your skin changes colour to match your surroundings (Stealth+).
Your rubbery body absorbs attacks. (AC +1, EV +1)
((You are camouflaged when in or above water. (Stealth+)))
You have tentacles for arms and can constrict up to eight enemies at once.


Message History

A jackal comes into view.
The jackal barks!
A jackal comes into view.
There are monsters nearby!
The jackal barks!
A jackal comes into view.
There are monsters nearby!
You tentacle-slap the jackal. You grab the jackal.
You squeeze the jackal, but do no damage.
The jackal is lightly wounded.
You constrict the jackal. The jackal barely misses you.
One of your tentacles grows a vicious spike.
You constrict the jackal, but do no damage.
The jackal misses you.
You tentacle-slap the jackal.
The jackal is heavily wounded.
You constrict the jackal, but do no damage.
The jackal escapes!
The jackal misses you.
The jackal bites the plant.
The plant begins to die.
You closely miss the jackal. You grab the jackal.
Your tentacle spike misses the jackal.
The jackal is heavily wounded.
You constrict the jackal. The jackal barely misses you.
The jackal bites you but does no damage.
The rat bites you.
The jackal bites the plant.
The jackal bites you. x2
You closely miss the rat. You grab the rat.
You constrict the jackal, but do no damage.
You constrict the rat.
You kill the rat!
The jackal bites you. The jackal barely misses you.
You are too injured to fight recklessly!
You tentacle-slap the jackal. You grab the jackal.
The jackal is heavily wounded.
You constrict the jackal, but do no damage. x2
The jackal closely misses you. x2; The jackal bites you.
* * * LOW HITPOINT WARNING * * *
The jackal barely misses you. The jackal misses you.
The jackal bites you but does no damage.
The jackal bites you.
You die...

.PP.P...PP......#
P♣......P.....(..
PP♣P....P..P.....
..P......<.♣P ..
........PP♣P.....
.#......♣♣P♣P.$..
..#.....[♣PP...#.
.......hP.P....#
.#..#..h@♣P....#
##+##.hhPP...##
##..P....#
#.........
..##...### ##.#
.#.# #.# .#.# #.
.# .


You could see 4 jackals.

Vanquished Creatures
  A rat (D:1)
1 creature vanquished.

Notes
Turn   | Place    | Note
-------+----------+-------------------------------------------
     0 | D:1      | ytrimaz the Octopode Transmuter began the quest for the
                  | Orb.
     0 | D:1      | Reached XP level 1. HP: 13/13 MP: 3/3
    11 | D:1      | Slain by a jackal

Illustrated notes

Levels and vault maps discovered:
D:1:      spicycebolla_arrival_clurvy, layout_basic, serial_shops,
          nicolae_square_shop, corexii_hall_statues_i

Action                   || total
-------------------------++-------
Melee: Unarmed           ||     5
       Constrict         ||     4
       Tentacles         ||     1
 Cast: Beastly Appendage ||     1
Armor: Skin              ||     2
Dodge: Dodged            ||     9

Table legend: (Time is in decaauts)
 A = Elapsed time spent in this place.
 B = Non-inter-level travel time spent in this place.
 C = Inter-level travel time spent in this place.
 D = Time resting spent in this place.
 E = Time spent auto-exploring this place.
 F = Levels seen in this place.
 G = Mean time per level.
                   A        B        C        D        E       F      G
               +--------+--------+--------+--------+--------+-----+--------+
         Total |     10 |     10 |      0 |      0 |      1 |   1 |   10.0 |
       Dungeon |     10 |     10 |      0 |      0 |      1 |   1 |   10.0 |
               +--------+--------+--------+--------+--------+-----+--------+

Top non-repeatable levels by time:
     D:1: 10 daAuts
